Eagles vs Punishers
Created - March 20, 2024 at 19:37
Goals
|
| Eagles |
2 |
1 |
1 |
4 |
| Punishers |
0 |
1 |
1 |
2 |
|
Shots
|
| Eagles |
15 |
7 |
10 |
32 |
| Punishers |
6 |
18 |
10 |
34 |
|
1st period
1. Eagles , Anthony Duclair 16 (Nick Cousins 22, Zach Aston-Reese 29) at 0:27 (PP)
2. Eagles , Sam Steel 14 (Jonathan Racine 16, Michael Carcone 13) at 7:37
Penalties :
Kole Lind (Pro) for Hooking (Minor) at 0:21, Ryan Murphy (Col) for Delaying the game (Minor) at 5:15, Kole Lind (Pro) for High sticking (Minor) at 10:33
2nd period
3. Eagles , Michael Carcone 9 (Matteson Iacopelli 18, Mattias Samuelsson 6) at 8:48
4. Punishers , Anton Blidh 35 (Corey Tropp 20, Kevin Roy 25) at 9:54
Penalties :
Mattias Samuelsson (Col) for Holding (Minor) at 2:04, Ben Betker (Pro) for High sticking (Minor) at 17:17
3rd period
5. Punishers , Oskar Lindblom 25 (Kevin Roy 26, Noah Juulsen 19) at 6:41
6. Eagles , Joseph Blandisi 29 (Jared McCann 20) at 17:46
Penalties :
Jared McCann (Col) for Tripping (Minor) at 0:58, Jared McCann (Col) for Interference (Minor) at 4:24, Connor Clifton (Pro) for Roughing (Minor) at 7:31, Anton Blidh (Pro) for Interference (Minor) at 10:04
Goalie Stats
Daniel Altshuller (Col), 32 saves from 34 shots - (0.941), W, 6-2-1, 60:00 minutes
Antoine Bibeau (Pro), 28 saves from 32 shots - (0.875), L, 20-14-1, 60:00 minutes
Players Stats for Eagles
Player Name G A P +/- PIM S H SB GA TA FO MP PP MP PK MP
------------------------------------------------------------------------------------
Anthony Duclair 1 0 1 -1 0 3 1 0 0 0 0/0 21:04 4:58 2:35
Chris Calhan 0 0 0 0 0 0 1 0 0 0 1/2 6:12 0:05 0:00
Connor Carrick 0 0 0 0 0 0 2 7 0 1 0/0 27:26 5:01 4:30
Drake Caggiula 0 0 0 -2 0 3 1 0 1 0 13/24 19:48 2:59 3:25
Gabriel Vilardi 0 0 0 1 0 1 0 1 0 0 3/5 19:01 2:59 2:28
Jack Dougherty 0 0 0 0 0 2 1 0 0 0 0/0 23:51 5:01 3:43
Jared McCann 0 1 1 0 4 1 2 1 1 0 9/18 15:27 0:00 2:03
Jonathan Racine 0 1 1 1 0 1 0 0 0 1 0/0 11:52 0:00 0:20
Joseph Blandisi 1 0 1 1 0 2 1 0 1 1 0/1 16:56 3:04 0:14
Keaton Middleton 0 0 0 1 0 1 0 2 0 1 0/0 22:14 3:01 3:32
Matteson Iacopelli 0 1 1 2 0 1 0 1 0 0 1/1 11:05 0:05 0:00
Mattias Samuelsson 0 1 1 1 2 0 1 1 0 0 0/0 12:03 0:00 0:20
Michael Carcone 1 1 2 2 0 3 0 0 0 0 0/0 10:44 0:00 0:00
Nick Cousins 0 1 1 -1 0 2 1 1 0 0 1/1 18:17 4:58 0:00
Ryan Murphy 0 0 0 -1 2 3 0 0 1 2 0/0 22:45 3:01 3:27
Sam Steel 1 0 1 2 0 2 1 1 0 0 2/5 11:05 0:00 0:00
Tyler Motte 0 0 0 -1 0 2 1 0 0 0 0/1 11:16 0:00 5:07
Zach Aston-Reese 0 1 1 0 0 5 0 0 0 0 5/9 10:54 4:58 0:00
Players Stats for Punishers
Player Name G A P +/- PIM S H SB GA TA FO MP PP MP PK MP
------------------------------------------------------------------------------------
Adam Ruzicka 0 0 0 -1 0 1 1 0 0 0 2/8 10:25 0:00 0:08
Anton Blidh 1 0 1 -1 2 5 0 0 0 0 0/0 18:11 3:26 1:38
Artem Zub 0 0 0 2 0 4 2 0 1 0 0/0 28:34 5:42 3:51
Austen Brassard 0 0 0 0 0 1 3 0 0 0 0/0 6:58 0:03 0:00
Ben Betker 0 0 0 0 2 0 2 1 0 0 0/0 21:35 2:14 3:12
Connor Clifton 0 0 0 -3 2 0 1 0 0 0 0/0 13:29 0:00 0:14
Corey Tropp 0 1 1 -1 0 4 6 0 0 0 0/0 15:55 3:29 0:00
Daniel Audette 0 0 0 0 0 0 1 1 0 0 1/3 6:55 0:00 0:00
Fredrik Claesson 0 0 0 -1 0 1 2 0 1 1 0/0 20:15 2:14 4:11
Jack Ahcan 0 0 0 0 0 0 0 0 0 0 0/0 0:00 0:00 0:00
Jesse Ylonen 0 0 0 -1 0 1 0 0 0 0 0/1 10:22 0:06 0:00
John Quenneville 0 0 0 0 0 5 0 1 1 1 19/32 22:45 3:29 5:19
Kevin Roy 0 2 2 0 0 1 0 0 0 0 7/18 19:05 4:24 1:48
Kole Lind 0 0 0 1 4 3 0 0 0 0 1/1 18:05 4:24 0:00
Nicolas Beaudin 0 0 0 0 0 0 0 0 0 0 0/0 0:00 0:00 0:00
Niko Mikkola 0 0 0 -2 0 0 1 0 0 2 0/0 13:02 0:00 1:51
Noah Juulsen 0 1 1 2 0 2 2 2 0 0 0/0 23:19 5:42 2:45
Oskar Lindblom 1 0 1 1 0 4 3 0 1 0 1/3 23:30 4:24 4:57
Phillip Danault 0 0 0 -1 0 2 0 0 2 0 1/1 12:18 0:00 2:02
Tanner Jeannot 0 0 0 0 0 0 0 0 0 0 0/0 7:10 0:03 0:12
3 Stars
1 - Michael Carcone (Col)
2 - Sam Steel (Col)
3 - Daniel Altshuller (Col)
Power Play
Eagles - 1 on 5 Attempt(s) - 20.00%
Punishers - 0 on 4 Attempt(s) - 0.00%
Penalty Kill
Eagles - 4 on 4 Attempt(s) - 100.00%
- Score 0 goal in Penalty Kill
Punishers - 4 on 5 Attempt(s) - 80.00%
- Score 0 goal in Penalty Kill
Team Stat
Eagles - Hits : 13 - Faceoff Wins : 35 - Blocked Shots : 15 - Penalty Minutes : 8
Punishers - Hits : 24 - Faceoff Wins : 32 - Blocked Shots : 5 - Penalty Minutes : 10
Official
Referees : Dan O'Rourke and Pierre Lambert
Linesman : Steve Miller and Kyle Flemington
Game Notes
Noah Juulsen is injured at 10:17 of 3rd period (Right Foot)
Finance
Level 1 -- Attendance: 1736 (86.80%) -- Ticket Income $121,520
Level 2 -- Attendance: 852 (85.20%) -- Ticket Income $34,080
Total Attendance: 2588 (86.27%)
Total Ticket Income: $155,600
Other Income: $7,780
Total Income: $163,380
Eagles
5 vs 5 Forward
Center Left Wing Right Wing Time % Phy DF OF
1 Drake Caggiula Anthony Duclair Nick Cousins 36 1 1 3
2 Jared McCann Joseph Blandisi Gabriel Vilardi 33 1 1 3
3 Sam Steel Michael Carcone Matteson Iacopelli 21 1 2 2
4 Zach Aston-Reese Tyler Motte Chris Calhan 10 1 2 2
5 vs 5 Defense
Defense Defense Time % Phy DF OF
1 Ryan Murphy Jack Dougherty 41 1 2 2
2 Connor Carrick Keaton Middleton 39 1 2 2
3 Jonathan Racine Mattias Samuelsson 20 1 2 2
4 Connor Carrick Ryan Murphy 0 1 2 2
PowerPlay Forward
Center Left Wing Right Wing Time % Phy DF OF
1 Zach Aston-Reese Anthony Duclair Nick Cousins 50 1 1 3
2 Drake Caggiula Joseph Blandisi Gabriel Vilardi 50 1 1 3
PowerPlay Defense
Defense Defense Time % Phy DF OF
1 Connor Carrick Jack Dougherty 55 1 1 3
2 Keaton Middleton Ryan Murphy 45 1 1 3
Penalty Kill 4 Players Forward
Center Wing Time % Phy DF OF
1 Jared McCann Tyler Motte 60 1 3 1
2 Drake Caggiula Anthony Duclair 40 1 3 1
Penalty Kill 4 Players Defense
Defense Defense Time % Phy DF OF
1 Ryan Murphy Connor Carrick 55 1 3 1
2 Jack Dougherty Keaton Middleton 45 1 3 1
Penalty Kill - 3 Players Forward
Forward Time % Phy DF OF
1 Jared McCann 60 1 4 0
2 Drake Caggiula 40 1 4 0
Penalty Kill - 3 Players Defense
Defense Defense Time % Phy DF OF
1 Ryan Murphy Jack Dougherty 60 1 4 0
2 Connor Carrick Keaton Middleton 40 1 4 0
4 vs 4 Forward
Center Wing Time % Phy DF OF
1 Zach Aston-Reese Anthony Duclair 55 1 2 2
2 Sam Steel Nick Cousins 45 1 2 2
4 vs 4 Defense
Defense Defense Time % Phy DF OF
1 Ryan Murphy Jack Dougherty 50 1 2 2
2 Connor Carrick Keaton Middleton 50 1 2 2
Last Minutes Offensive
Center Left Wing Right Wing Defense Defense
Zach Aston-Reese Anthony Duclair Nick Cousins Ryan Murphy Connor Carrick
Last Minutes Defensive
Center Left Wing Right Wing Defense Defense
Jared McCann Tyler Motte Nick Cousins Ryan Murphy Connor Carrick
Goaltenders
Starting : Daniel Altshuller
Backup : Zachary Emond
Extra Forwards
Normal : Sam Steel, Michael Carcone, Gabriel Vilardi - PP : Gabriel Vilardi, Matteson Iacopelli - PK : Gabriel Vilardi
Extra Defensemen
Normal : Keaton Middleton, Connor Carrick, Ryan Murphy - PP : Keaton Middleton - PK : Keaton Middleton, Connor Carrick
Penalty Shots
Gabriel Vilardi, Jared McCann, Zach Aston-Reese, Nick Cousins, Sam Steel
Custom OT Lines Forwards
Nick Cousins, Joseph Blandisi, Jared McCann, Drake Caggiula, Zach Aston-Reese, Tyler Motte, Michael Carcone, Sam Steel, Matteson Iacopelli, Gabriel Vilardi
Custom OT Lines Defensemen
Ryan Murphy, Jack Dougherty, Connor Carrick, Keaton Middleton, Jonathan Racine
Scratches
Dominik Kubalik (Healthy), Kevin Bahl (Healthy), Mark Friedman (Healthy), Tyler Tucker (Healthy), Michael Dal Colle (Healthy)
Xavier Ouellet (Healthy), Alexander Nylander (Healthy), Pius Suter (Healthy), Max Lajoie (Healthy), Pascal Laberge (Healthy)
Marian Studenic (Healthy), Walker Duehr (Healthy), Adin Hill (Left Hand Injury)
Punishers
5 vs 5 Forward
Center Left Wing Right Wing Time % Phy DF OF
1 John Quenneville Oskar Lindblom Kole Lind 40 0 2 3
2 Kevin Roy Anton Blidh Corey Tropp 31 0 2 3
3 Adam Ruzicka Phillip Danault Jesse Ylonen 20 1 2 2
4 Daniel Audette Tanner Jeannot Austen Brassard 9 1 2 2
5 vs 5 Defense
Defense Defense Time % Phy DF OF
1 Noah Juulsen Artem Zub 40 1 2 2
2 Ben Betker Fredrik Claesson 30 1 2 2
3 Connor Clifton Niko Mikkola 20 1 2 2
4 Artem Zub Noah Juulsen 10 1 2 2
PowerPlay Forward
Center Left Wing Right Wing Time % Phy DF OF
1 John Quenneville Anton Blidh Corey Tropp 60 0 2 3
2 Kevin Roy Oskar Lindblom Kole Lind 40 0 2 3
PowerPlay Defense
Defense Defense Time % Phy DF OF
1 Noah Juulsen Artem Zub 60 0 2 3
2 Ben Betker Fredrik Claesson 40 1 2 2
Penalty Kill 4 Players Forward
Center Wing Time % Phy DF OF
1 John Quenneville Oskar Lindblom 60 1 3 1
2 Kevin Roy Anton Blidh 40 1 3 1
Penalty Kill 4 Players Defense
Defense Defense Time % Phy DF OF
1 Noah Juulsen Artem Zub 60 1 3 1
2 Ben Betker Fredrik Claesson 40 1 3 1
Penalty Kill - 3 Players Forward
Forward Time % Phy DF OF
1 John Quenneville 60 0 4 1
2 Oskar Lindblom 40 0 4 1
Penalty Kill - 3 Players Defense
Defense Defense Time % Phy DF OF
1 Noah Juulsen Artem Zub 60 1 3 1
2 Ben Betker Fredrik Claesson 40 1 3 1
4 vs 4 Forward
Center Wing Time % Phy DF OF
1 John Quenneville Oskar Lindblom 60 1 2 2
2 Kevin Roy Anton Blidh 40 1 2 2
4 vs 4 Defense
Defense Defense Time % Phy DF OF
1 Noah Juulsen Artem Zub 60 1 2 2
2 Ben Betker Fredrik Claesson 40 1 2 2
Last Minutes Offensive
Center Left Wing Right Wing Defense Defense
John Quenneville Oskar Lindblom Austen Brassard Noah Juulsen Artem Zub
Last Minutes Defensive
Center Left Wing Right Wing Defense Defense
John Quenneville Oskar Lindblom Austen Brassard Noah Juulsen Artem Zub
Goaltenders
Starting : Antoine Bibeau
Backup : Cal Petersen
Extra Forwards
Normal : Anton Blidh, John Quenneville, Oskar Lindblom - PP : Jesse Ylonen, Tanner Jeannot - PK : Phillip Danault
Extra Defensemen
Normal : Connor Clifton, Noah Juulsen, Artem Zub - PP : Connor Clifton - PK : Niko Mikkola, Noah Juulsen
Penalty Shots
John Quenneville, Oskar Lindblom, Kevin Roy, Anton Blidh, Phillip Danault
Custom OT Lines Forwards
John Quenneville, Oskar Lindblom, Kevin Roy, Anton Blidh, Phillip Danault, Austen Brassard, Daniel Audette, Kole Lind, Adam Ruzicka, Tanner Jeannot
Custom OT Lines Defensemen
Noah Juulsen, Artem Zub, Ben Betker, Fredrik Claesson, Connor Clifton
Scratches
Ben Meyers (Healthy), John Hayden (Healthy), Urho Vaakanainen (Healthy), Carson Meyer (Healthy), Marcus Karlberg (Healthy)
Jack LaFontaine (Healthy)
% Time on Ice - Eagles
Lines # - Real PCT - Wanted PCT - Time Play
Normal Forward
1 - 31% - 36% - 13:50
2 - 31% - 33% - 13:37
3 - 24% - 21% - 10:44
4 - 13% - 10% - 5:51
Normal Defense
1 - 38% - 41% - 16:46
2 - 36% - 39% - 15:38
3 - 26% - 20% - 11:31
4 - 0% - 0% - 0:07
PP Forward
1 - 62% - 50% - 4:58
2 - 38% - 50% - 3:04
PP Defense
1 - 62% - 55% - 5:01
2 - 38% - 45% - 3:01
PK Forward
1 - 86% - 60% - 6:51
2 - 14% - 40% - 1:05
PK Defense
1 - 61% - 55% - 4:50
2 - 39% - 45% - 3:06
PK3 Forward
1 - 0% - 60%
2 - 0% - 40%
PK3 Defense
1 - 0% - 60%
2 - 0% - 40%
44 Forward
1 - 0% - 55%
2 - 0% - 45%
44 Defense
1 - 0% - 50%
2 - 0% - 50%
Last Minute Offensive - 0:00
Last Minute Defensive - 0:00
Total
Forward - 60:00
Defense - 60:00
|
% Time on Ice - Punishers
Lines # - Real PCT - Wanted PCT - Time Play
Normal Forward
1 - 32% - 40% - 13:58
2 - 29% - 31% - 12:53
3 - 23% - 20% - 10:16
4 - 16% - 9% - 6:55
Normal Defense
1 - 43% - 40% - 18:55
2 - 30% - 30% - 13:03
3 - 25% - 20% - 11:11
4 - 2% - 10% - 0:53
PP Forward
1 - 45% - 60% - 3:32
2 - 55% - 40% - 4:24
PP Defense
1 - 72% - 60% - 5:42
2 - 28% - 40% - 2:14
PK Forward
1 - 78% - 60% - 6:14
2 - 22% - 40% - 1:48
PK Defense
1 - 48% - 60% - 3:51
2 - 52% - 40% - 4:11
PK3 Forward
1 - 0% - 60%
2 - 0% - 40%
PK3 Defense
1 - 0% - 60%
2 - 0% - 40%
44 Forward
1 - 0% - 60%
2 - 0% - 40%
44 Defense
1 - 0% - 60%
2 - 0% - 40%
Last Minute Offensive - 0:00
Last Minute Defensive - 0:00
Total
Forward - 60:00
Defense - 60:00
|
Play-by-Play
1st period
0:01 of 1st period - John Quenneville wins face-off versus Drake Caggiula in neutral zone.
0:13 of 1st period - Snap shot by Nick Cousins.
0:13 of 1st period - Stopped by Antoine Bibeau with a rebound.
0:15 of 1st period - Snap shot by Anthony Duclair.
0:15 of 1st period - Shot Misses the Net.
0:21 of 1st period - Minor Penalty to Kole Lind for Hooking.
0:22 of 1st period - Zach Aston-Reese wins face-off versus John Quenneville in Punishers zone.
0:27 of 1st period - Wrist shot by Anthony Duclair.
0:27 of 1st period - Goal by Anthony Duclair - Eagles : 1 - Punishers : 0.
0:28 of 1st period - Kevin Roy wins face-off versus Jared McCann in neutral zone.
1:35 of 1st period - Off-side.
1:36 of 1st period - Kevin Roy wins face-off versus Drake Caggiula in neutral zone.
2:32 of 1st period - Ryan Murphy is hit by Adam Ruzicka and loses puck.
2:46 of 1st period - Off-side.
2:47 of 1st period - Drake Caggiula wins face-off versus Kevin Roy in neutral zone.
2:49 of 1st period - Off-side.
2:50 of 1st period - Drake Caggiula wins face-off versus Kevin Roy in neutral zone.
3:04 of 1st period - Wrist shot by Anton Blidh.
3:04 of 1st period - Shot Misses the Net.
3:06 of 1st period - Snap shot by Corey Tropp.
3:06 of 1st period - Shot Misses the Net.
3:08 of 1st period - Snap shot by Artem Zub.
3:08 of 1st period - Stopped by Daniel Altshuller with a rebound.
3:10 of 1st period - Snap shot by Corey Tropp.
3:10 of 1st period - Shot Blocked by Keaton Middleton.
3:14 of 1st period - Snap shot by Anton Blidh.
3:14 of 1st period - Stopped by Daniel Altshuller with a rebound.
3:22 of 1st period - Wrist shot by Drake Caggiula.
3:22 of 1st period - Stopped by Antoine Bibeau with a rebound.
3:44 of 1st period - Snap shot by Corey Tropp.
3:44 of 1st period - Stopped by Daniel Altshuller without a rebound.
3:45 of 1st period - John Quenneville wins face-off versus Jared McCann in Eagles zone.
3:56 of 1st period - Snap shot by Kole Lind.
3:56 of 1st period - Deflect By Oskar Lindblom.
3:56 of 1st period - Shot Blocked by Mattias Samuelsson.
3:56 of 1st period - Puck is out of play.
3:57 of 1st period - Jared McCann wins face-off versus John Quenneville in Eagles zone.
4:04 of 1st period - Oskar Lindblom is hit by Jared McCann and loses puck.
4:29 of 1st period - Wrist shot by Zach Aston-Reese.
4:29 of 1st period - Shot Misses the Net.
4:53 of 1st period - Snap shot by Michael Carcone.
4:53 of 1st period - Stopped by Antoine Bibeau without a rebound.
4:54 of 1st period - Jared McCann wins face-off versus Oskar Lindblom in Punishers zone.
5:15 of 1st period - Minor Penalty to Ryan Murphy for Delaying the game.
5:16 of 1st period - John Quenneville wins face-off versus Tyler Motte in Eagles zone.
5:18 of 1st period - Backhand shot by Corey Tropp.
5:18 of 1st period - Shot Misses the Net.
5:20 of 1st period - Slapshot by Noah Juulsen.
5:20 of 1st period - Shot Blocked by Connor Carrick.
5:26 of 1st period - Wrist shot by John Quenneville.
5:26 of 1st period - Shot Blocked by Connor Carrick.
5:28 of 1st period - Slapshot by Artem Zub.
5:28 of 1st period - Shot Blocked by Connor Carrick.
6:35 of 1st period - Keaton Middleton is hit by Fredrik Claesson and loses puck.
6:46 of 1st period - Jack Dougherty is hit by Noah Juulsen and loses puck.
7:15 of 1st period - Penalty to Ryan Murphy is over, Ryan Murphy is back on ice.
7:25 of 1st period - Snap shot by Michael Carcone.
7:25 of 1st period - Shot Blocked by Ben Betker.
7:27 of 1st period - Snap shot by Ryan Murphy.
7:27 of 1st period - Stopped by Antoine Bibeau without a rebound.
7:28 of 1st period - Sam Steel wins face-off versus Adam Ruzicka in Punishers zone.
7:33 of 1st period - Wrist shot by Michael Carcone.
7:33 of 1st period - Stopped by Antoine Bibeau with a rebound.
7:35 of 1st period - Slapshot by Jonathan Racine.
7:35 of 1st period - Shot Misses the Net.
7:37 of 1st period - Wrist shot by Sam Steel.
7:37 of 1st period - Goal by Sam Steel - Eagles : 2 - Punishers : 0.
7:38 of 1st period - Drake Caggiula wins face-off versus John Quenneville in neutral zone.
7:41 of 1st period - Slapshot by Anthony Duclair.
7:41 of 1st period - Shot Misses the Net.
8:10 of 1st period - Slapshot by Anton Blidh.
8:10 of 1st period - Shot Blocked by Connor Carrick.
8:12 of 1st period - Slapshot by Ben Betker.
8:12 of 1st period - Deflect By Corey Tropp.
8:12 of 1st period - Shot Blocked by Connor Carrick.
8:12 of 1st period - Puck is out of play.
8:13 of 1st period - John Quenneville wins face-off versus Jared McCann in Eagles zone.
8:45 of 1st period - Wrist shot by Nick Cousins.
8:45 of 1st period - Stopped by Antoine Bibeau without a rebound.
8:46 of 1st period - Gabriel Vilardi wins face-off versus Jesse Ylonen in Punishers zone.
9:16 of 1st period - Slapshot by John Quenneville.
9:16 of 1st period - Stopped by Daniel Altshuller with a rebound.
9:18 of 1st period - Wrist shot by John Quenneville.
9:18 of 1st period - Deflect By Oskar Lindblom.
9:18 of 1st period - Stopped by Daniel Altshuller with a rebound.
9:54 of 1st period - Ryan Murphy is hit by Austen Brassard.
10:02 of 1st period - Slapshot by Tanner Jeannot.
10:02 of 1st period - Shot Misses the Net.
10:04 of 1st period - Wrist shot by Daniel Audette.
10:04 of 1st period - Shot Misses the Net.
10:13 of 1st period - Icing by Mattias Samuelsson.
10:14 of 1st period - Zach Aston-Reese wins face-off versus Adam Ruzicka in Eagles zone.
10:26 of 1st period - Icing by Jonathan Racine.
10:27 of 1st period - Drake Caggiula wins face-off versus John Quenneville in Eagles zone.
10:33 of 1st period - Minor Penalty to Kole Lind for High sticking.
10:34 of 1st period - Drake Caggiula wins face-off versus John Quenneville in Punishers zone.
10:34 of 1st period - Wrist shot by Joseph Blandisi.
10:34 of 1st period - Stopped by Antoine Bibeau with a rebound.
10:36 of 1st period - Slapshot by Connor Carrick.
10:36 of 1st period - Shot Misses the Net.
10:38 of 1st period - Slapshot by Drake Caggiula.
10:38 of 1st period - Stopped by Antoine Bibeau with a rebound.
10:40 of 1st period - Slapshot by Jack Dougherty.
10:40 of 1st period - Stopped by Antoine Bibeau with a rebound.
10:42 of 1st period - Slapshot by Gabriel Vilardi.
10:42 of 1st period - Stopped by Antoine Bibeau without a rebound.
10:43 of 1st period - Drake Caggiula wins face-off versus John Quenneville in Punishers zone.
10:58 of 1st period - Wrist shot by Drake Caggiula.
10:58 of 1st period - Stopped by Antoine Bibeau without a rebound.
10:59 of 1st period - John Quenneville wins face-off versus Zach Aston-Reese in Punishers zone.
12:33 of 1st period - Penalty to Kole Lind is over, Kole Lind is back on ice.
14:06 of 1st period - Sam Steel is hit by Connor Clifton.
14:44 of 1st period - Icing by Noah Juulsen.
14:45 of 1st period - Zach Aston-Reese wins face-off versus Daniel Audette in Punishers zone.
14:50 of 1st period - Wrist shot by Zach Aston-Reese.
14:50 of 1st period - Stopped by Antoine Bibeau without a rebound.
14:51 of 1st period - Zach Aston-Reese wins face-off versus Daniel Audette in Punishers zone.
14:52 of 1st period - Wrist shot by Tyler Motte.
14:52 of 1st period - Shot Misses the Net.
15:22 of 1st period - Snap shot by Anthony Duclair.
15:22 of 1st period - Shot Blocked by John Quenneville.
16:15 of 1st period - Off-side.
16:16 of 1st period - Zach Aston-Reese wins face-off versus John Quenneville in neutral zone.
16:23 of 1st period - Wrist shot by Zach Aston-Reese.
16:23 of 1st period - Stopped by Antoine Bibeau with a rebound.
16:25 of 1st period - Wrist shot by Zach Aston-Reese.
16:25 of 1st period - Deflect By Artem Zub.
16:25 of 1st period - Shot Misses the Net.
16:25 of 1st period - Puck is out of play.
16:26 of 1st period - Drake Caggiula wins face-off versus John Quenneville in Punishers zone.
16:59 of 1st period - Phillip Danault is hit by Drake Caggiula and loses puck.
17:33 of 1st period - Off-side.
17:34 of 1st period - John Quenneville wins face-off versus Sam Steel in neutral zone.
17:47 of 1st period - John Quenneville is hit by Connor Carrick.
17:48 of 1st period - Icing by John Quenneville.
17:49 of 1st period - Jared McCann wins face-off versus John Quenneville in Punishers zone.
18:43 of 1st period - Snap shot by Corey Tropp.
18:43 of 1st period - Stopped by Daniel Altshuller without a rebound.
18:44 of 1st period - Jared McCann wins face-off versus Kevin Roy in Eagles zone.
19:29 of 1st period - Icing by Anthony Duclair.
19:30 of 1st period - Daniel Audette wins face-off versus Sam Steel in Eagles zone.
19:35 of 1st period - Wrist shot by Austen Brassard.
19:35 of 1st period - Shot Misses the Net.
19:37 of 1st period - Snap shot by Austen Brassard.
19:37 of 1st period - Shot Blocked by Sam Steel.
Goals for this period are 2 for Eagles vs 0 for Punishers.
Shots for this period are 15 for Eagles vs 6 for Punishers.
2nd period
0:01 of 2nd period - John Quenneville wins face-off versus Drake Caggiula in neutral zone.
0:06 of 2nd period - Wrist shot by John Quenneville.
0:06 of 2nd period - Shot Misses the Net.
0:10 of 2nd period - Wrist shot by John Quenneville.
0:10 of 2nd period - Stopped by Daniel Altshuller without a rebound.
0:11 of 2nd period - John Quenneville wins face-off versus Jared McCann in Eagles zone.
0:14 of 2nd period - Slapshot by John Quenneville.
0:14 of 2nd period - Stopped by Daniel Altshuller with a rebound.
1:26 of 2nd period - Snap shot by Tyler Motte.
1:26 of 2nd period - Stopped by Antoine Bibeau with a rebound.
2:02 of 2nd period - Snap shot by John Quenneville.
2:02 of 2nd period - Stopped by Daniel Altshuller with a rebound.
2:04 of 2nd period - Minor Penalty to Mattias Samuelsson for Holding.
2:05 of 2nd period - John Quenneville wins face-off versus Jared McCann in Eagles zone.
2:08 of 2nd period - Wrist shot by Corey Tropp.
2:08 of 2nd period - Shot Misses the Net.
2:10 of 2nd period - Slapshot by Noah Juulsen.
2:10 of 2nd period - Shot Blocked by Jared McCann.
2:12 of 2nd period - Snap shot by John Quenneville.
2:12 of 2nd period - Stopped by Daniel Altshuller with a rebound.
2:51 of 2nd period - Icing by Noah Juulsen.
2:52 of 2nd period - Kole Lind wins face-off versus Jared McCann in Punishers zone.
3:29 of 2nd period - Wrist shot by Corey Tropp.
3:29 of 2nd period - Shot Misses the Net.
3:55 of 2nd period - Snap shot by Gabriel Vilardi.
3:55 of 2nd period - Shot Misses the Net.
4:04 of 2nd period - Penalty to Mattias Samuelsson is over, Mattias Samuelsson is back on ice.
4:15 of 2nd period - Off-side.
4:16 of 2nd period - Sam Steel wins face-off versus Adam Ruzicka in neutral zone.
4:29 of 2nd period - Wrist shot by Phillip Danault.
4:29 of 2nd period - Stopped by Daniel Altshuller with a rebound.
4:31 of 2nd period - Snap shot by Jesse Ylonen.
4:31 of 2nd period - Shot Misses the Net.
4:46 of 2nd period - Daniel Audette is hit by Joseph Blandisi and loses puck.
4:51 of 2nd period - Slapshot by Joseph Blandisi.
4:51 of 2nd period - Shot Blocked by Daniel Audette.
5:05 of 2nd period - Nick Cousins is hit by Oskar Lindblom and loses puck.
5:10 of 2nd period - Snap shot by Kole Lind.
5:10 of 2nd period - Stopped by Daniel Altshuller with a rebound.
5:52 of 2nd period - Slapshot by Artem Zub.
5:52 of 2nd period - Shot Misses the Net.
7:24 of 2nd period - Connor Carrick is hit by Corey Tropp and loses puck.
8:35 of 2nd period - Snap shot by Corey Tropp.
8:35 of 2nd period - Shot Misses the Net.
8:41 of 2nd period - Connor Clifton is hit by Mattias Samuelsson and loses puck.
8:46 of 2nd period - Snap shot by Matteson Iacopelli.
8:46 of 2nd period - Shot Misses the Net.
8:48 of 2nd period - Slapshot by Michael Carcone.
8:48 of 2nd period - Goal by Michael Carcone - Eagles : 3 - Punishers : 0.
8:49 of 2nd period - John Quenneville wins face-off versus Drake Caggiula in neutral zone.
8:52 of 2nd period - Drake Caggiula is hit by Oskar Lindblom and loses puck.
9:01 of 2nd period - Snap shot by Oskar Lindblom.
9:01 of 2nd period - Shot Blocked by Keaton Middleton.
9:03 of 2nd period - Slapshot by Kole Lind.
9:03 of 2nd period - Shot Blocked by Connor Carrick.
9:05 of 2nd period - Slapshot by Ben Betker.
9:05 of 2nd period - Deflect By Kole Lind.
9:05 of 2nd period - Shot Blocked by Nick Cousins.
9:05 of 2nd period - Puck is out of play.
9:06 of 2nd period - Jared McCann wins face-off versus Kevin Roy in Eagles zone.
9:15 of 2nd period - Wrist shot by Jared McCann.
9:15 of 2nd period - Stopped by Antoine Bibeau without a rebound.
9:16 of 2nd period - Kevin Roy wins face-off versus Jared McCann in Punishers zone.
9:25 of 2nd period - Jack Dougherty is hit by Corey Tropp and loses puck.
9:32 of 2nd period - Kevin Roy is hit by Jared McCann and loses puck.
9:48 of 2nd period - Icing by Corey Tropp.
9:49 of 2nd period - Kevin Roy wins face-off versus Drake Caggiula in Punishers zone.
9:54 of 2nd period - Snap shot by Anton Blidh.
9:54 of 2nd period - Goal by Anton Blidh - Eagles : 3 - Punishers : 1.
9:55 of 2nd period - Drake Caggiula wins face-off versus John Quenneville in neutral zone.
9:58 of 2nd period - Oskar Lindblom is hit by Anthony Duclair and loses puck.
10:08 of 2nd period - Off-side.
10:09 of 2nd period - John Quenneville wins face-off versus Drake Caggiula in neutral zone.
10:16 of 2nd period - Slapshot by Oskar Lindblom.
10:16 of 2nd period - Stopped by Daniel Altshuller with a rebound.
10:18 of 2nd period - Backhand shot by Kole Lind.
10:18 of 2nd period - Stopped by Daniel Altshuller with a rebound.
10:20 of 2nd period - Snap shot by Kole Lind.
10:20 of 2nd period - Shot Misses the Net.
10:22 of 2nd period - Wrist shot by Artem Zub.
10:22 of 2nd period - Stopped by Daniel Altshuller without a rebound.
10:23 of 2nd period - John Quenneville wins face-off versus Jared McCann in Eagles zone.
10:28 of 2nd period - Snap shot by Oskar Lindblom.
10:28 of 2nd period - Shot Misses the Net.
10:36 of 2nd period - Slapshot by Connor Carrick.
10:36 of 2nd period - Shot Blocked by Noah Juulsen.
10:48 of 2nd period - Anthony Duclair is hit by Corey Tropp.
10:49 of 2nd period - Icing by Anthony Duclair.
10:50 of 2nd period - Drake Caggiula wins face-off versus Kevin Roy in Eagles zone.
11:45 of 2nd period - Wrist shot by Phillip Danault.
11:45 of 2nd period - Stopped by Daniel Altshuller with a rebound.
11:47 of 2nd period - Slapshot by Fredrik Claesson.
11:47 of 2nd period - Stopped by Daniel Altshuller with a rebound.
11:49 of 2nd period - Slapshot by Ben Betker.
11:49 of 2nd period - Deflect By Jesse Ylonen.
11:49 of 2nd period - Stopped by Daniel Altshuller with a rebound.
12:23 of 2nd period - Anthony Duclair is hit by Corey Tropp and loses puck.
12:46 of 2nd period - Ryan Murphy is hit by Artem Zub and loses puck.
12:59 of 2nd period - Wrist shot by Tyler Motte.
12:59 of 2nd period - Deflect By Zach Aston-Reese.
12:59 of 2nd period - Stopped by Antoine Bibeau with a rebound.
13:01 of 2nd period - Backhand shot by Jonathan Racine.
13:01 of 2nd period - Stopped by Antoine Bibeau with a rebound.
13:03 of 2nd period - Snap shot by Zach Aston-Reese.
13:03 of 2nd period - Stopped by Antoine Bibeau with a rebound.
13:05 of 2nd period - Wrist shot by Zach Aston-Reese.
13:05 of 2nd period - Shot Misses the Net.
13:33 of 2nd period - Slapshot by Anton Blidh.
13:33 of 2nd period - Stopped by Daniel Altshuller without a rebound.
13:34 of 2nd period - Kevin Roy wins face-off versus Drake Caggiula in Eagles zone.
13:39 of 2nd period - Snap shot by Anton Blidh.
13:39 of 2nd period - Stopped by Daniel Altshuller with a rebound.
13:43 of 2nd period - Slapshot by Corey Tropp.
13:43 of 2nd period - Stopped by Daniel Altshuller with a rebound.
13:45 of 2nd period - Snap shot by Kevin Roy.
13:45 of 2nd period - Stopped by Daniel Altshuller without a rebound.
13:46 of 2nd period - Nick Cousins wins face-off versus John Quenneville in Eagles zone.
14:11 of 2nd period - Ryan Murphy is hit by Corey Tropp and loses puck.
14:58 of 2nd period - Drake Caggiula is hit by Austen Brassard and loses puck.
15:06 of 2nd period - Jonathan Racine is hit by Austen Brassard and loses puck.
16:14 of 2nd period - Wrist shot by Artem Zub.
16:14 of 2nd period - Stopped by Daniel Altshuller without a rebound.
16:15 of 2nd period - John Quenneville wins face-off versus Jared McCann in Eagles zone.
16:48 of 2nd period - Icing by Jonathan Racine.
16:49 of 2nd period - Drake Caggiula wins face-off versus Kevin Roy in Eagles zone.
17:17 of 2nd period - Minor Penalty to Ben Betker for High sticking.
17:18 of 2nd period - John Quenneville wins face-off versus Zach Aston-Reese in Punishers zone.
19:17 of 2nd period - Penalty to Ben Betker is over, Ben Betker is back on ice.
19:41 of 2nd period - Snap shot by Sam Steel.
19:41 of 2nd period - Stopped by Antoine Bibeau with a rebound.
19:54 of 2nd period - Off-side.
19:55 of 2nd period - Matteson Iacopelli wins face-off versus Kevin Roy in neutral zone.
Goals for this period are 1 for Eagles vs 1 for Punishers.
Shots for this period are 7 for Eagles vs 18 for Punishers.
3rd period
0:01 of 3rd period - Drake Caggiula wins face-off versus John Quenneville in neutral zone.
0:04 of 3rd period - Wrist shot by Nick Cousins.
0:04 of 3rd period - Shot Misses the Net.
0:26 of 3rd period - Connor Carrick is hit by Artem Zub and loses puck.
0:57 of 3rd period - Snap shot by Anton Blidh.
0:57 of 3rd period - Stopped by Daniel Altshuller without a rebound.
0:58 of 3rd period - Jared McCann wins face-off versus Oskar Lindblom in Eagles zone.
0:58 of 3rd period - Minor Penalty to Jared McCann for Tripping.
0:59 of 3rd period - John Quenneville wins face-off versus Gabriel Vilardi in Eagles zone.
1:46 of 3rd period - Snap shot by Anthony Duclair.
1:46 of 3rd period - Stopped by Antoine Bibeau without a rebound.
1:47 of 3rd period - John Quenneville wins face-off versus Gabriel Vilardi in Punishers zone.
2:06 of 3rd period - Backhand shot by Corey Tropp.
2:06 of 3rd period - Stopped by Daniel Altshuller without a rebound.
2:07 of 3rd period - Oskar Lindblom wins face-off versus Drake Caggiula in Eagles zone.
2:08 of 3rd period - Snap shot by Kole Lind.
2:08 of 3rd period - Shot Misses the Net.
2:14 of 3rd period - Artem Zub is hit by Jack Dougherty and loses puck.
2:25 of 3rd period - Slapshot by Artem Zub.
2:25 of 3rd period - Stopped by Daniel Altshuller with a rebound.
2:43 of 3rd period - Drake Caggiula is hit by Fredrik Claesson and loses puck.
2:58 of 3rd period - Penalty to Jared McCann is over, Jared McCann is back on ice.
3:32 of 3rd period - Michael Carcone is hit by Noah Juulsen and loses puck.
3:41 of 3rd period - Slapshot by Austen Brassard.
3:41 of 3rd period - Stopped by Daniel Altshuller with a rebound.
4:09 of 3rd period - Icing by Connor Clifton.
4:10 of 3rd period - Jared McCann wins face-off versus Kevin Roy in Punishers zone.
4:24 of 3rd period - Minor Penalty to Jared McCann for Interference.
4:25 of 3rd period - Gabriel Vilardi wins face-off versus John Quenneville in Eagles zone.
5:19 of 3rd period - Slapshot by Noah Juulsen.
5:19 of 3rd period - Stopped by Daniel Altshuller with a rebound.
5:21 of 3rd period - Slapshot by Noah Juulsen.
5:21 of 3rd period - Shot Misses the Net.
5:57 of 3rd period - Slapshot by Kevin Roy.
5:57 of 3rd period - Shot Blocked by Connor Carrick.
6:24 of 3rd period - Penalty to Jared McCann is over, Jared McCann is back on ice.
6:29 of 3rd period - Snap shot by Oskar Lindblom.
6:29 of 3rd period - Stopped by Daniel Altshuller with a rebound.
6:31 of 3rd period - Slapshot by Noah Juulsen.
6:31 of 3rd period - Stopped by Daniel Altshuller with a rebound.
6:41 of 3rd period - Snap shot by Oskar Lindblom.
6:41 of 3rd period - Goal by Oskar Lindblom - Eagles : 3 - Punishers : 2.
6:42 of 3rd period - Jared McCann wins face-off versus Adam Ruzicka in neutral zone.
7:07 of 3rd period - Tanner Jeannot is hit by Sam Steel and loses puck.
7:14 of 3rd period - Sam Steel is hit by Daniel Audette and loses puck.
7:31 of 3rd period - Minor Penalty to Connor Clifton for Roughing.
7:32 of 3rd period - John Quenneville wins face-off versus Zach Aston-Reese in Punishers zone.
7:42 of 3rd period - Icing by Jack Dougherty.
7:43 of 3rd period - John Quenneville wins face-off versus Zach Aston-Reese in Eagles zone.
9:24 of 3rd period - Snap shot by Zach Aston-Reese.
9:24 of 3rd period - Stopped by Antoine Bibeau without a rebound.
9:25 of 3rd period - Kevin Roy wins face-off versus Drake Caggiula in Punishers zone.
9:31 of 3rd period - Penalty to Connor Clifton is over, Connor Clifton is back on ice.
10:01 of 3rd period - Snap shot by Matteson Iacopelli.
10:01 of 3rd period - Stopped by Antoine Bibeau without a rebound.
10:02 of 3rd period - Gabriel Vilardi wins face-off versus Kevin Roy in Punishers zone.
10:04 of 3rd period - Minor Penalty to Anton Blidh for Interference.
10:05 of 3rd period - Drake Caggiula wins face-off versus Kevin Roy in Punishers zone.
10:17 of 3rd period - Snap shot by Gabriel Vilardi.
10:17 of 3rd period - Shot Blocked by Noah Juulsen.
10:17 of 3rd period - Noah Juulsen from Punishers is injured at 10:17 of 3rd period (Right Foot).
10:18 of 3rd period - John Quenneville wins face-off versus Drake Caggiula in Punishers zone.
10:43 of 3rd period - Niko Mikkola is hit by Nick Cousins and loses puck.
10:54 of 3rd period - Slapshot by Jack Dougherty.
10:54 of 3rd period - Stopped by Antoine Bibeau without a rebound.
10:55 of 3rd period - Drake Caggiula wins face-off versus Kevin Roy in Punishers zone.
10:56 of 3rd period - Snap shot by Joseph Blandisi.
10:56 of 3rd period - Shot Misses the Net.
10:58 of 3rd period - Slapshot by Keaton Middleton.
10:58 of 3rd period - Stopped by Antoine Bibeau with a rebound.
11:00 of 3rd period - Snap shot by Gabriel Vilardi.
11:00 of 3rd period - Shot Misses the Net.
11:29 of 3rd period - Slapshot by Ryan Murphy.
11:29 of 3rd period - Stopped by Antoine Bibeau with a rebound.
12:04 of 3rd period - Penalty to Anton Blidh is over, Anton Blidh is back on ice.
12:29 of 3rd period - Snap shot by Anthony Duclair.
12:29 of 3rd period - Stopped by Antoine Bibeau without a rebound.
12:30 of 3rd period - Jared McCann wins face-off versus Adam Ruzicka in Punishers zone.
13:31 of 3rd period - Snap shot by Tyler Motte.
13:31 of 3rd period - Stopped by Antoine Bibeau without a rebound.
13:32 of 3rd period - Kevin Roy wins face-off versus Chris Calhan in Punishers zone.
13:57 of 3rd period - Joseph Blandisi is hit by Oskar Lindblom and loses puck.
14:19 of 3rd period - Ryan Murphy is hit by Ben Betker.
14:39 of 3rd period - Nick Cousins is hit by Ben Betker and loses puck.
15:05 of 3rd period - Wrist shot by John Quenneville.
15:05 of 3rd period - Deflect By Kole Lind.
15:05 of 3rd period - Shot Blocked by Gabriel Vilardi.
15:05 of 3rd period - Puck is out of play.
15:06 of 3rd period - Chris Calhan wins face-off versus Adam Ruzicka in Eagles zone.
15:21 of 3rd period - Niko Mikkola is hit by Tyler Motte.
16:30 of 3rd period - Backhand shot by Oskar Lindblom.
16:30 of 3rd period - Shot Misses the Net.
16:32 of 3rd period - Snap shot by Kole Lind.
16:32 of 3rd period - Stopped by Daniel Altshuller without a rebound.
16:33 of 3rd period - Adam Ruzicka wins face-off versus Drake Caggiula in Eagles zone.
16:46 of 3rd period - Slapshot by Nick Cousins.
16:46 of 3rd period - Shot Misses the Net.
16:48 of 3rd period - Slapshot by Ryan Murphy.
16:48 of 3rd period - Deflect By Adam Ruzicka.
16:48 of 3rd period - Stopped by Antoine Bibeau with a rebound.
16:58 of 3rd period - Ryan Murphy is hit by Niko Mikkola and loses puck.
17:41 of 3rd period - Anton Blidh is hit by Connor Carrick and loses puck.
17:46 of 3rd period - Backhand shot by Joseph Blandisi.
17:46 of 3rd period - Goal by Joseph Blandisi - Eagles : 4 - Punishers : 2.
17:47 of 3rd period - Adam Ruzicka wins face-off versus Sam Steel in neutral zone.
17:54 of 3rd period - Snap shot by Phillip Danault.
17:54 of 3rd period - Shot Blocked by Matteson Iacopelli.
18:12 of 3rd period - Oskar Lindblom is hit by Chris Calhan and loses puck.
19:05 of 3rd period - Snap shot by Adam Ruzicka.
19:05 of 3rd period - Stopped by Daniel Altshuller without a rebound.
19:06 of 3rd period - Phillip Danault wins face-off versus Joseph Blandisi in Eagles zone.
19:40 of 3rd period - Keaton Middleton is hit by Corey Tropp and loses puck.
Goals for this period are 1 for Eagles vs 1 for Punishers.
Shots for this period are 10 for Eagles vs 10 for Punishers.